 Dungeon Crawl Stone Soup version 0.19-a0-503-g45a6586 (webtiles) character file.

37 tyrsky the Stinger (level 3, 0/14 HPs)
             Began as a Felid Venom Mage on June 5, 2016.
             Killed by divine providence
             ... invoked by an orc priest
              (14 damage)
             ... on level 3 of the Dungeon.
             The game lasted 00:03:28 (856 turns).

tyrsky the Stinger (Felid Venom Mage)                Turns: 856, Time: 00:03:28

Health: 0/14       AC:  1    Str:  5    XL:     3   Next: 21%
Magic:  3/7        EV: 18    Int: 16    God:
Gold:   88         SH:  0    Dex: 16    Spells: 3 memorised, 0 levels left
                                        Lives:  0   Deaths: 0

rFire  . . .     SeeInvis +     (weapon unavailable)
rCold  . . .     Gourm    .     (armour unavailable)
rNeg   . . .     Faith    .     (shield unavailable)
rPois  .         Spirit   .     (helmet unavailable)
rElec  .         Dismiss  .     (cloak unavailable)
rCorr  .         Reflect  .     (gloves unavailable)
SustAt .         Harm     .     (boots unavailable)
MR     .....                    (no amulet)
Stlth  +++.......               (no ring)
                                (no ring)

@: quick, not resistant to hostile enchantments, fairly stealthy
A: no armour, no weapons or thrown items, claws 1, fangs 3, see invisible,
carnivore 3, speed 1, shaggy fur 1, slow metabolism 1, sharp paws
a: no special abilities


You were on level 3 of the Dungeon.
You were not hungry.

You visited 1 branch of the dungeon, and saw 3 of its levels.

You collected 88 gold pieces.

Inventory:

Scrolls
 e - a scroll of identify {unknown}
 g - a scroll of noise {unknown}
 i - a scroll of recharging {unknown}
 j - a scroll of immolation {unknown}
 k - a scroll of teleportation {unknown}
 l - a scroll of magic mapping {unknown}
Potions
 c - a potion of haste {unknown}
 d - a potion of might {unknown}
 f - a potion of heal wounds {unknown}
 h - a potion of degeneration {unknown}
Books
 a - a Young Poisoner's Handbook

   Spells                             Type                      Level
   a - Sting                          Conjuration/Poison           1
   b - Cure Poison                    Poison                       2
   c - Mephitic Cloud                 Conjuration/Poison/Air       3
   d - Olgreb's Toxic Radiance        Poison                       4
   e - Venom Bolt                     Conjuration/Poison           5
Comestibles
 b - 2 meat rations


   Skills:
 - Level 2.6 Dodging
 + Level 2.9 Stealth
 - Level 2.0 Spellcasting
 - Level 2.4 Conjurations
 * Level 0.3 Air Magic
 - Level 3.6 Poison Magic


You couldn't memorise any spells.
You knew the following spells:

 Your Spells              Type           Power        Failure   Level  Hunger
a - Sting                 Conj/Pois      ##..         8%          1    #......
b - Cure Poison           Pois           ##........   10%         2    ###....
c - Mephitic Cloud        Conj/Pois/Air  #.......     28%         3    ###....


Dungeon Overview and Level Annotations

Branches:
Dungeon (3/15)

Altars:
Ashenzari
Dithmenos
Uskayaw


Innate Abilities, Weirdness & Mutations

You cannot wear armour.
You are incapable of wielding weapons or throwing items.
You have sharp claws.
You have razor-sharp teeth.
You have supernaturally acute eyesight. (SInv)
You are carnivorous and can eat meat at any time.
You cover ground quickly.
You are covered in fur. (AC +1)
You have a slow metabolism.
Your sharp claws are effective at attacking unaware monsters.


Message History

Confirm with . or Enter, or press ? or * to list all spells.
Aiming: Sting
Press: ? - help, Shift-Dir - straight line, f - orc priest
Aim: an orc priest, wielding a dagger The sting hits the orc priest.
The orc priest is poisoned.
The orc priest is moderately wounded.
The orc priest looks braver for a moment.
Casting: Sting
Confirm with . or Enter, or press ? or * to list all spells.
Aiming: Sting
Press: ? - help, Shift-Dir - straight line, f/p - orc priest
Aim: an orc priest, wielding a dagger (heavily wounded, poisoned)
The sting hits the orc priest.
The orc priest appears unharmed.
The orc priest is heavily wounded.
You scratch the orc priest. Your bite misses the orc priest.
The orc priest is severely wounded.
The orc priest invokes the aid of Beogh against you.
Beogh smites you!
Ouch! That really hurt!
You die...

###
#.##
#.<#
#.h#
#.o#
#...o.
##..###
#..#
#..#
#..#
#...


You could see an orc priest and an orc wizard (wandering).

Vanquished Creatures
  An adder (D:1)
  A dart slug (D:1)
  2 orcs (D:3)
  A giant cockroach (D:2)
  5 goblins
  A quokka (D:2)
  4 bats
  4 giant newts
  3 kobolds (D:1)
  4 rats
26 creatures vanquished.

Notes
Turn   | Place    | Note
--------------------------------------------------------------
     0 | D:1      | tyrsky the Felid Venom Mage began the quest for the Orb.
     0 | D:1      | Reached XP level 1. HP: 7/7 MP: 4/4
     2 | D:1      | Noticed a troll
     2 | D:1      | Noticed a halfling
     4 | D:1      | Noticed an octopode
     4 | D:1      | Noticed a human
     6 | D:1      | Noticed a tengu
     6 | D:1      | Noticed a spriggan
     8 | D:1      | Noticed an elf
     8 | D:1      | Noticed a minotaur
    10 | D:1      | Noticed a naga
    10 | D:1      | Noticed a draconian
    12 | D:1      | Noticed an ogre
    14 | D:1      | Noticed a vampire
    16 | D:1      | Noticed a gargoyle
    16 | D:1      | Noticed a centaur
    18 | D:1      | Noticed a demigod
    20 | D:1      | Noticed a dwarf
    22 | D:1      | Noticed a felid
    22 | D:1      | Noticed a formicid
    24 | D:1      | Noticed a demonspawn
    24 | D:1      | Noticed a vine stalker
    26 | D:1      | Noticed a ghoul
    26 | D:1      | Noticed a merfolk
   124 | D:1      | Reached skill level 1 in Conjurations
   163 | D:1      | Reached XP level 2. HP: 10/11 MP: 0/6
   179 | D:1      | Learned a level 2 spell: Cure Poison
   527 | D:2      | Found a hide-covered altar of Uskayaw.
   620 | D:2      | Reached XP level 3. HP: 14/14 MP: 5/7
   625 | D:2      | Learned a level 3 spell: Mephitic Cloud
   650 | D:2      | Found a shadowy altar of Dithmenos.
   710 | D:2      | Found a shattered altar of Ashenzari.
   856 | D:3      | Killed from afar by an orc priest

Vault maps used:
D:1:      kb_arrival_jail, minivault_24, minmay_splitting_lines
D:2:      nicolae_overflow_crystal_walls, lemuel_round_altar,
          nemelex_xobeh_ov_fountains_minmay, nicolae_dithmenos_shadow_blocks
D:3:      minmay_misc_feat_encased, uniq_crazy_yiuf_cottage

Skill      XL: |  1  2 |
---------------+-------+-----
Conjurations   | 1 2 |  2.4
Dodging        | |  2.6
Stealth        | |  2.9
Spellcasting   | |  2.0
Air Magic      | |  0.3
Poison Magic   | |  3.6

Action                   || total
-------------------------++-------
Melee: Unarmed           ||    17
       Bite              ||     3
 Cast: Sting             ||    44
       Mephitic Cloud    ||     1
 Stab: Confused          ||     1
Dodge: Dodged            ||    25
